 Dungeon Crawl Stone Soup version 0.15-a0-348-gfef1ba5 (webtiles) character file.

160 Infinimo the Ruffian (level 4, 0/39 HPs)
             Began as a Minotaur Monk on May 2, 2014.
             Slain by an orc wizard
             ... wielding a +0,+0 falchion
              (6 damage)
             ... while paralysed by a potion of paralysis
             ... on Level 3 of the Dungeon.
             The game lasted 00:02:35 (1970 turns).

Infinimo the Ruffian (Minotaur Monk)                Turns: 1970, Time: 00:02:36

HP   0/39        AC  3     Str 17      XL: 4   Next: 46%
MP   2/2         EV  2     Int  7      God:
Gold 60          SH  0     Dex 12      Spells:  0 memorised,  3 levels left

rFire  . . .     SeeInvis .       - Unarmed
rCold  . . .     Clarity  .     d - +0 leather armour
rNeg   . . .     Conserve .     (no shield)
rPois  .         rCorr    .     e - +0 hat
rElec  .         rRot     .     (no cloak)
SustAb . .       Spirit   .     (no gloves)
rMut   .         Warding  .     (no boots)
Saprov . . .     Stasis   .     (no amulet)
MR     .....                    (no ring)
                                (no ring)

@: paralysed, not resistant to hostile enchantments, very unstealthy
A: retaliatory headbutt, horns 2
a: no special abilities


You were on level 3 of the Dungeon.
You were not hungry.

You visited 1 branch of the dungeon, and saw 4 of its levels.

You collected 60 gold pieces.

Inventory:

Armour
 d - a +0 leather armour (worn)
 e - a +0 hat (worn)
Magical devices
 n - a wand of teleportation (2) {unknown}
Comestibles
 b - 2 bread rations
 q - a meat ration
Scrolls
 a - a scroll of enchant weapon I {unknown}
 f - 2 scrolls of remove curse
 i - 3 scrolls of identify {unknown}
 j - a scroll of fear {unknown}
 l - a scroll of immolation {unknown}
Jewellery
 c - an uncursed amulet of faith {unknown}
Potions
 g - a potion of restore abilities {unknown}
 h - a potion of paralysis
 k - a potion of heal wounds {unknown}
 m - a potion of flight {unknown}
 o - a potion of curing {unknown}
 p - a potion of poison {unknown}


   Skills:
 - Level 3.6 Fighting
 + Level 2.8 Armour
 - Level 3.2 Dodging
 - Level 1.5 Stealth
 * Level 5.8 Unarmed Combat


You had 3 spell levels left.
You didn't know any spells.

Dungeon Overview and Level Annotations

Branches:
Dungeon (4/15)
 Temple: D:4-7

Altars:


Innate Abilities, Weirdness & Mutations

You reflexively headbutt those who attack you in melee.
You have a pair of horns on your head.


Message History

You kill the orc!
You hear some strange, mumbled words.
The magic dart hits you!
The orc is heavily wounded.
Your leather armour prevents you from hitting the orc.
The orc is heavily wounded.
Something barely misses you.
The orc is heavily wounded.
You hear some strange, mumbled words.
The magic dart hits you!
A bat comes into view.
The orc hits you with a short sword.
You punch something! Something hits you.
You headbutt something. You hit something. You headbutt something.
Something hits you!
* * * LOW HITPOINT WARNING * * *
Drink which item? (? for menu, Esc to quit)
You suddenly lose the ability to move!
It was a potion of paralysis.
Something hits you.
You die...

#....# #....######
#.........#
#....>....#
#.........#
#.###.....########.
#.# #..>...........
#.# #....)#########
#%# #####@# #.# #o#
#.# #b# #.#
#............. #.#
#.###.#?..... #.#
#.#...### #.# ...
?.# #.# ... ....
#.# ... .#


You could see an orc and a bat.

Vanquished Creatures
  Jessica (D:2)
  2 adders
  A giant mite (D:3)
  A worm (D:2)
  2 oozes (D:2)
  3 orcs (D:3)
  5 giant cockroaches
  2 goblins (D:1)
  3 hobgoblins (D:1)
  3 jackals (D:1)
  4 bats
  2 giant geckos (D:2)
  3 giant newts
  8 kobolds
  6 rats
46 creatures vanquished.

Notes
Turn   | Place    | Note
--------------------------------------------------------------
     0 | D:1      | Infinimo, the Minotaur Monk, began the quest for the Orb.
     0 | D:1      | Reached XP level 1. HP: 19/19 MP: 1/1
   277 | D:1      | Reached XP level 2. HP: 26/26 MP: 1/1
   281 | D:1      | Reached skill level 1 in Armour
   400 | D:1      | Reached skill level 5 in Unarmed Combat
   897 | D:2      | Noticed Jessica
  1003 | D:2      | Killed Jessica
  1003 | D:2      | Reached XP level 3. HP: 31/31 MP: 2/2
  1396 | D:3      | Reached XP level 4. HP: 33/39 MP: 2/2
  1518 | D:4      | Noticed a slave
  1518 | D:4      | Noticed a giant frog
  1970 | D:3      | Paralysed by a potion of paralysis for 6 turns
  1970 | D:3      | Slain by an orc wizard

Action                   |  1- 3 |  4- 6 || total
-------------------------+-------+-------++-------
Melee: Unarmed           |    82 |    34 ||   116
  Use: Scroll            |     1 |       ||     1
       Potion            |       |     1 ||     1
